AoeStats
← Malelf

Arena

506922553Analyzed
1v1 RM · 17d ago on Sep 15, 2026· 16m 49s· 2 players
Game mode
Random Map
Map size
Tiny (2 player)
Population
200
Speed
Normal
Resources
Standard
Victory
Conquest
Starting age
Dark Age
Ending age
Imperial Age
RankedLock teamsTeams togetherTeam positionsShared explorationLock speedFull tech treeHidden civsTurbo modeCheats
Victory
Defeat
🇦🇲 Sicilians · Armenia
1726
+15
🇮🇹 Malians · Italy
1710
-15
Malelf
11:19 Feudal Age
11:13 Loom
15:00 Castle Age
13:07 Double-Bit Axe
15:58 Bow Saw
SHell | ANDÃO
11:34 Feudal Age
15:15 Castle Age
13:24 Double-Bit Axe
14:12 Horse Collar
Connection lost

Rejoining the realm…

Still unreachable

The connection could not be restored.

Session expired

The server has moved on; the page needs a fresh start.